 Dungeon Crawl Stone Soup version 0.31.0-11-ge490571c62 (webtiles) character file.

Game seed: 11275806179853562857

9 browni3141 the Conjurer (level 2, 19/19 HPs)
             Began as a Demonspawn Conjurer on Jan 30, 2024.
             Got out of the dungeon alive.
             The game lasted 00:00:12 (394 turns).

browni3141 the Conjurer (Demonspawn Conjurer)        Turns: 394, Time: 00:00:13

Health: 19/19      AC:  2    Str:  7    XL:     2   Next: 3%
Magic:  5/5        EV: 12    Int: 18    God:
Gold:   14         SH:  0    Dex: 13    Spells: 4/5 levels left

rFire   . . .        c - +0 short sword
rCold   . . .        (no shield)
rNeg    . . .        a - +0 robe
rPois   .            (no helmet)
rElec   .            (no cloak)
rCorr   .            (no gloves)
SInv    .            (no boots)
Will    .....        (no amulet)
Stlth   +++          (no ring)
HPRegen 0.23/turn    (no ring)
MPRegen 0.09/turn

%: no passive effects
@: no status effects
A: thin skeletal structure 1
a: no special abilities


You escaped.
You visited 1 branch of the dungeon, and saw 1 of its levels.

You collected 14 gold pieces.

Inventory:

Hand Weapons
 c - a +0 short sword (weapon)
Armour
 a - a +0 robe (worn)
Scrolls
 d - a scroll of immolation {unknown}
Potions
 b - a potion of magic
 e - a potion of curing {unknown}


   Skills:
 + Level 2.0 Dodging
 + Level 2.0 Stealth
 + Level 2.1 Spellcasting
 + Level 4.1 Conjurations


You had 4 spell levels left.
You knew the following spells:

 Your Spells              Type           Power      Damage    Failure   Level
a - Magic Dart            Conj           64%        1d6       3%          1

Your spell library contained the following spells:

 Spells                   Type           Power      Damage    Failure   Level
 Searing Ray              Conj           32%        2d5       4%          2
 Fulminant Prism          Conj/Alch      4%         3d5       58%         4
 Iskenderun's Mystic Bla  Conj/Tloc      9%         2d4       58%         4


Dungeon Overview and Level Annotations

Branches:
Dungeon (1/15)

Altars:


Innate Abilities, Weirdness & Mutations

You have a somewhat thin skeletal structure. (Dex +2, Stealth+)


Message History

You kill the kobold!
Magic restored.
You now have 14 gold pieces.
You see here a +0 short sword.
You see here a +0 short sword.
A ball python comes into view.
A ball python is nearby!
The magic dart hits the ball python.
The ball python is severely wounded.
The magic dart hits the ball python.
You kill the ball python!
You can't see any susceptible monsters within range! (Use Z to cast anyway.)
You can't see any susceptible monsters within range! (Use Z to cast anyway.)
You see here a +0 short sword.
c - a +0 short sword (weapon)
You see here a +0 leather armour.
Found a stone staircase leading down.
d - a scroll labelled SURYNU GAABE
Found a stone staircase leading down.
There is a stone staircase leading down here.
A bat comes into view.
A bat is nearby!
The magic dart hits the bat.
The bat is moderately wounded.
The magic dart hits the bat but does no damage.
The bat is moderately wounded.
The magic dart hits the bat.
The bat is heavily wounded.
The bat hits you. The bat barely misses you.
The bat hits you but does no damage.
A bat is nearby!
A bat is nearby!
A bat is nearby!
You are out of magic!
You are out of magic!
You closely miss the bat.
The bat is heavily wounded.
The bat hits you. The bat barely misses you.
You barely miss the bat.
The bat is heavily wounded.
The bat barely misses you. The bat hits you.
You barely miss the bat.
The bat is moderately wounded.
The bat barely misses you. The bat hits you but does no damage.
You see here a cyan potion.
A kobold comes into view. It is wielding a +0 dagger.
There are monsters nearby!
You hit the bat.
The bat is heavily wounded.
The bat barely misses you. The bat hits you but does no damage.
The bat misses you.
You see here a cyan potion.
The bat hits you but does no damage.
You hit the bat.
You kill the bat!
No target in view!
HP restored.
e - a cyan potion A kobold is nearby!
The magic dart hits the kobold.
The kobold is moderately wounded.
The kobold shouts!
The kobold throws a stone.
The stone barely misses you.
The magic dart hits the kobold but does no damage.
The kobold is moderately wounded.
The magic dart hits the kobold.
You kill the kobold!
Your Stealth skill increases to level 2!
A dart slug comes into view.
A dart slug is nearby!
A dart slug is nearby!
The magic dart hits the dart slug.
The dart slug is lightly wounded.
The dart slug closely misses you.
The magic dart hits the dart slug.
The dart slug is moderately wounded.
The magic dart hits the dart slug but does no damage.
The dart slug is moderately wounded.
The dart slug launches a dart at you. The slug dart hits you.
A dart slug is nearby!
You hit the dart slug but do no damage.
The dart slug is moderately wounded.
The dart slug launches a dart at you. The slug dart misses you.
You hit the dart slug.
The dart slug is heavily wounded.
You hit the dart slug.
The dart slug is almost dead.
The dart slug launches a dart at you. The slug dart hits you.
You hit the dart slug.
You kill the dart slug!
Your Dodging skill increases to level 2!
You have reached level 2!
Your demonic ancestry asserts itself...
Your bones become slightly less dense.
There is a staircase leading out of the dungeon here.
You have escaped!

##.......##
##...#.##..##
##...##..#...## .
#...###..#.#..## .
##..## #.#..##..## .
#..## #.##.###..###
#...####.#..# ##..##
#....#......# ##...
##.@.#.####.# ##..
#....#......# ##...
#...####.##.# ##..##
#..## #.##.###..##.
#...## #....##..##..
##...###..#.#..##[.#
##...##..#...##..##
##...#.##..###.###
##.......## #..##


There were no monsters in sight!

Vanquished Creatures
  A dart slug (D:1)
  A ball python (D:1)
  A bat (D:1)
  An endoplasm (D:1)
  2 kobolds (D:1)
6 creatures vanquished.

Notes
Turn   | Place    | Note
-------+----------+-------------------------------------------
     0 | D:1      | browni3141 the Demonspawn Conjurer began the quest for the
                  | Orb.
     0 | D:1      | Reached XP level 1. HP: 13/13 MP: 3/3
   316 | D:1      | Gained mutation: You have a somewhat thin skeletal
                  | structure. (Dex +2, Stealth+) [demonic ancestry]
   316 | D:1      | Reached XP level 2. HP: 12/19 MP: 0/5
   394 | D:$      | Got out of the dungeon alive.

Illustrated notes

Levels and vault maps discovered:
D:1:      dpeg_chamrin_arrival_tetris, layout_basic, serial_shops,
          nicolae_shop_rolled_up

Skill      XL: |  1 |
---------------+----+-----
Stealth        | 2 |  2.0
Dodging        | 2 |  2.0
Spellcasting   | |  2.1
Conjurations   | |  4.1

Action                     || total
---------------------------++-------
  Melee: Short sword       ||     9
   Cast: Magic Dart        ||    14
 Armour: Robe              ||     9
  Dodge: Dodged            ||     9
